 Dungeon Crawl Stone Soup version 0.31-a0-977-gc230f8ef24 (webtiles) character file.

Game seed: 3832663137632697382

1598 timneilson the Ruffian (level 8, -3/54 HPs)
             Began as an Octopode Shapeshifter on Oct 29, 2023.
             Slain by an ice beast (10 damage)
             ... on level 5 of the Dungeon.
             The game lasted 00:11:16 (4572 turns).

timneilson the Ruffian (Octopode Shapeshifter)      Turns: 4572, Time: 00:11:16

Health: -3/54      AC:  1    Str: 16    XL:     8   Next: 93%
Magic:  12/12      EV: 14    Int: 12    God:
Gold:   358        SH:  0    Dex: 11    Spells: 8/12 levels left

rFire   + .          .
                       - Unarmed
rCold   . . .        (no shield)
rNeg    . . .        (helmet currently unavailable)
rPois   .            (no amulet)
rElec   .            p - ring of protection from fire
rCorr   .            (no ring)
SInv    .            (no ring)
Will    .....        (no ring)
Stlth   ++++         (no ring)
HPRegen 0.29/turn    (no ring)
MPRegen 0.13/turn    (no ring)
                     (no ring)

%: no passive effects
@: beast-form
A: beast (slay +3), almost no armour, amphibious, 8 rings, camouflage 1,
gelatinous body 1, (nimble swimmer 1), tentacles
a: Begin Untransformation


You were on level 5 of the Dungeon.
You were a hulking beast.
You visited 1 branch of the dungeon, and saw 5 of its levels.

You collected 358 gold pieces.

Inventory:

Jewellery
 p - a ring of protection from fire (left tentacle)
Talismans
 b - a beast talisman
 c - a flux talisman
Scrolls
 f - 3 scrolls of teleportation
 l - a scroll of fear
Potions
 a - a potion of might
 d - a potion of resistance {unknown}
 g - a potion of attraction
 h - a potion of mutation {unknown}
 q - a potion of enlightenment {unknown}


   Skills:
 * Level 4.5 Fighting
 * Level 5.0 Dodging
 + Level 4.6 Stealth
 * Level 5.5 Unarmed Combat
 + Level 2.7 Spellcasting
 + Level 2.6 Translocations
 * Level 5.2 Shapeshifting


You had 8 spell levels left.
You knew the following spells:

 Your Spells              Type           Power      Damage    Failure   Level
a - Blink                 Tloc           14%        N/A       13%         2
b - Lesser Beckoning      Tloc           14%        N/A       13%         2

Your spell library contained the following spells:

 Spells                   Type           Power      Damage    Failure   Level
 Momentum Strike          Conj/Tloc      8%         3d8       22%         2
 Magic Dart               Conj           4%         1d3       26%         1
 Call Imp                 Summ           2%         N/A       36%         2
 Searing Ray              Conj           2%         2d4       36%         2
 Volatile Blastmotes      Fire/Tloc      8%         2d10      41%         3
 Dazzling Flash           Conj/Hex       2%         N/A       58%         3
 Inner Flame              Hex/Fire       1%         N/A       58%         3
 Mephitic Cloud           Conj/Pois/Air  1%         N/A       58%         3
 Stone Arrow              Conj/Erth      2%         3d7       58%         3
 Flame Wave               Conj/Fire      1%         2d4       94%         4
 Fulminant Prism          Conj/Hex       0%         3d5       94%         4
 Sticky Flame             Conj/Fire      1%         2d3       94%         4
 Starburst                Conj/Fire      0%         6d3       100%        6
 Lehudib's Crystal Spear  Conj/Erth      0%         10d2      100%        8
 Maxwell's Capacitive Co  Air            0%         ∞         100%        8
 Animate Armour           Summ/Erth      Unusable   N/A       N/A         4

Dungeon Overview and Level Annotations

Branches:
Dungeon (5/15)
 Temple: D:4-7

Altars:
Ashenzari
Kikubaaqudgha
The Shining One

Shops:
D:1 =(*!*   D:4 =   D:5 [

Annotations:
D:2 1 runed translucent door, Crazy Yiuf


Innate Abilities, Weirdness & Mutations

You are a hulking beast.
Your limbs bulge with bestial killing power. (Slay +3)
You cannot wear most types of armour.
You are amphibious.
You can wear up to eight rings at the same time.
Your skin changes colour to match your surroundings (Stealth+).
Your rubbery body absorbs attacks. (AC +1, EV +1)
((You are camouflaged when in or above water. (Stealth+)))
You have tentacles for arms and can constrict up to eight enemies at once.


Message History

You bludgeon Blork the orc! Your grab misses Blork the orc.
Blork the orc is moderately wounded.
Blork the orc casts a spell at you. The puff of flame hits you. You resist.
You tentacle-slap Blork the orc. You grab Blork the orc.
Blork the orc is heavily wounded.
You constrict Blork the orc. You tentacle-slap Blork the orc.
You squeeze Blork the orc.
Blork the orc is almost dead.
You constrict Blork the orc, but do no damage.
Blork the orc closely misses you.
You tentacle-slap Blork the orc.
You kill Blork the orc!
Things that are here:
a +0 halberd; a +0 robe; the orc corpse of Blork the orc An ice beast comes into view.
Found a shiny orb.
Found a forked copper wand.
The helpless ice beast fails to defend itself.
You bludgeon the ice beast! Your squeeze misses the ice beast.
The ice beast is moderately wounded.
The ice beast hits you. The ice beast freezes you!
You tentacle-slap the ice beast.
The ice beast is heavily wounded.
The ice beast hits you. The ice beast freezes you.
You tentacle-slap the ice beast.
You squeeze the ice beast, but do no damage.
The ice beast is severely wounded.
The ice beast hits you. The ice beast freezes you!
You tentacle-slap the ice beast.
The ice beast is almost dead.
The ice beast hits you. The ice beast freezes you!
* * * LOW HITPOINT WARNING * * *
Okay, then.
You tentacle-slap the ice beast.
The ice beast is almost dead.
The ice beast hits you.
* * * LOW HITPOINT WARNING * * *
The ice beast freezes you!
You die...

..... ./......### .....
#.......... ..... #..........
..... #.......... .....
#.......... ##### #...[...... #
########.......... #
#.........hY...... #
#######.......######.###
.....##.......# #.# ....
......#.......# #.# .[...
#.............# #.# ......
#....#........######.###......
#
#..............................
.
#...####.###......##.###......#
# #...#
#.###......##......###.#


You could see an ice beast.

Vanquished Creatures
  Pikel (D:4)
  Grinder (D:4)
  Sigmund (D:4)
  A black bear (D:3)
  A phantom (D:4)
  A lemure (D:4)
  Blork the orc (D:5)
  2 scorpions (D:4)
  A jelly (D:4)
  A gnoll bouda (D:5)
  Terence (D:2)
  An orc wizard (D:3)
  Natasha (thrice) (D:4)
  Robin (D:2)
  6 adders
  8 gnolls
  A white imp (D:5)
  4 worms
  5 orcs (D:3)
  11 endoplasms
  2 giant cockroaches
  16 goblins
  6 hobgoblins
  2 jackals (D:2)
  7 quokkas
  8 ball pythons
  6 bats
  2 frilled lizards (D:2)
  5 kobolds
  4 rats
110 creatures vanquished.

Vanquished Creatures (others)
  An octopode (D:1)
  A vine stalker (D:1)
  An elf (D:1)
  A vampire (D:1)
  A human (D:1)
  2 ogres (D:1)
  A felid (D:1)
  2 gnolls (D:1)
  An orc (D:1)
  A kobold (D:1)
  4 tentacles (D:1)
16 creatures vanquished.

Grand Total: 126 creatures vanquished

Notes
Turn   | Place    | Note
-------+----------+-------------------------------------------
     0 | D:1      | timneilson the Octopode Shapeshifter began the quest for
                  | the Orb.
     0 | D:1      | Reached XP level 1. HP: 13/13 MP: 1/1
     0 | D:1      | Noticed an octopode
     0 | D:1      | Noticed a human
     0 | D:1      | Noticed an ogre
     0 | D:1      | Noticed a felid
     0 | D:1      | Noticed a vampire
     0 | D:1      | Noticed a kraken
     0 | D:1      | Noticed an elf
     0 | D:1      | Noticed an ogre
     0 | D:1      | Noticed a vine stalker
     5 | D:1      | Killed an octopode
     6 | D:1      | Killed an elf
     9 | D:1      | Killed a vampire
    10 | D:1      | Killed an ogre
    10 | D:1      | Killed an ogre
    11 | D:1      | Killed a human
    13 | D:1      | Killed a felid
    13 | D:1      | Killed a vine stalker
    80 | D:1      | Found Leohy's Jewellery Shop.
   106 | D:1      | Reached XP level 2. HP: 16/18 MP: 2/2
   118 | D:1      | Found Lesmanwe's Weapon Shop.
   121 | D:1      | Found Zewnyrice's General Store.
   245 | D:1      | Found Noploah's Distillery.
   271 | D:1      | Found Wevygud's Assorted Antiques.
   499 | D:1      | Reached XP level 3. HP: 21/23 MP: 3/3
   907 | D:2      | Reached skill level 1 in Stealth
   962 | D:2      | Noticed Robin
   996 | D:2      | Reached XP level 4. HP: 26/29 MP: 5/5
  1008 | D:2      | Killed Robin
  1110 | D:2      | Reached skill level 1 in Spellcasting
  1260 | D:2      | Noticed Terence
  1266 | D:2      | Killed Terence
  1267 | D:2      | Reached XP level 5. HP: 34/34 MP: 6/6
  1277 | D:2      | Found a broken altar of Ashenzari.
  1323 | D:2      | Learned a level 2 spell: Blink
  1650 | D:2      | Found a runed translucent door.
  1651 | D:2      | Noticed Crazy Yiuf
  2263 | D:3      | Noticed a black bear
  2296 | D:3      | Learned a level 2 spell: Lesser Beckoning
  2362 | D:3      | Reached XP level 6. HP: 19/41 MP: 7/7
  2569 | D:3      | Identified the +2 ring mail of Kindness {Regen+}
  2648 | D:3      | Killed a black bear
  2712 | D:3      | Found a faded altar of an unknown god.
  2757 | D:3      | Found an ancient bone altar of Kikubaaqudgha.
  2760 | D:3      | Found a glowing golden altar of the Shining One.
  2942 | D:4      | Noticed Natasha
  2954 | D:4      | Killed Natasha
  3038 | D:4      | Reached skill level 1 in Translocations
  3168 | D:4      | Reached XP level 7. HP: 12/46 MP: 9/9
  3306 | D:4      | Noticed Natasha
  3319 | D:4      | Killed Natasha
  3343 | D:4      | Noticed Sigmund
  3349 | D:4      | Killed Sigmund
  3359 | D:4      | Noticed Natasha
  3374 | D:4      | Killed Natasha
  3445 | D:4      | Found Jiell's One-of-a-Kind Rings.
  3470 | D:4      | Noticed Pikel
  3488 | D:4      | Killed Pikel
  3489 | D:4      | Reached skill level 5 in Unarmed Combat
  3489 | D:4      | Reached XP level 8. HP: 17/54 MP: 9/11
  3893 | D:4      | Noticed Grinder
  3905 | D:4      | Reached skill level 5 in Shapeshifting
  3907 | D:4      | Killed Grinder
  4183 | D:5      | Entered Level 5 of the Dungeon
  4415 | D:5      | Reached skill level 5 in Dodging
  4439 | D:5      | Found Yculei's Antique Armour Emporium.
  4457 | D:5      | Noticed Blork the orc
  4525 | D:5      | Killed Blork the orc
  4572 | D:5      | Slain by an ice beast

Illustrated notes

Levels and vault maps discovered:
D:1:      nicolae_arrival_kraken_aquarium_a, layout_basic, serial_shops,
          nicolae_shop_back_alley_shop, nicolae_diamond_shop, shop, shop,
          shop_coins, serial_bayou, serial_bayou_shore_b, serial_bayou_pond_e,
          serial_bayou_lake_a, serial_bayou_crossing, serial_bayou_pond_b
D:2:      layout_loops_ring, basic_altar, uniq_terence, uniq_crazy_yiuf_cottage,
          uniq_robin
D:3:      layout_basic, grunt_temple_overflow_open,
          shapermc_ecumenical_altar_mp_vishouse
D:4:      layout_basic, nicolae_shop_unique_rings, serial_park_tiny_1,
          minmay_tree_intersection, uniq_natasha, uniq_pikel, uniq_sigmund,
          uniq_grinder
D:5:      lemuel_castle_with_subvaults [lemuel_castle_interior_original],
          layout_basic, serial_shops, kennysheep_mini_moat, uniq_blork_the_orc

Skill      XL: |  1  2  3  4  5  6  7  8 |
---------------+-------------------------+-----
Stealth        | 1 2 4 |  4.6
Spellcasting   | 1 2 |  2.7
Fighting       | 2 3 4 |  4.5
Dodging        | 3 4 5 |  5.0
Unarmed Combat | 4 5 |  5.5
Shapeshifting  | 4 5 |  5.2
Translocations | 1 2 |  2.6

Action                     |  1- 3 |  4- 6 |  7- 9 || total
---------------------------+-------+-------+-------++-------
  Melee: Unarmed           |    70 |   136 |    72 ||   278
         Constrict         |    15 |    26 |    17 ||    58
         Tentacles         |    17 |    24 |    21 ||    62
         Punch             |     1 |     7 |     3 ||    11
    Use: Scroll            |     3 |    10 |     2 ||    15
         Potion            |       |     2 |     1 ||     3
   Stab: Sleeping          |     8 |     6 |     3 ||    17
 Armour: Skin              |    22 |    57 |    27 ||   106
  Dodge: Dodged            |    33 |    56 |    35 ||   124

Table legend: (Time is in decaauts)
 A = Elapsed time spent in this place.
 B = Non-inter-level travel time spent in this place.
 C = Inter-level travel time spent in this place.
 D = Time resting spent in this place.
 E = Time spent auto-exploring this place.
 F = Levels seen in this place.
 G = Mean time per level.
                   A        B        C        D        E       F      G
               +--------+--------+--------+--------+--------+-----+--------+
         Total |   4551 |   4448 |    103 |    480 |   2852 |   5 |  910.2 |
       Dungeon |   4551 |   4448 |    103 |    480 |   2852 |   5 |  910.2 |
               +--------+--------+--------+--------+--------+-----+--------+

Top non-repeatable levels by time:
     D:4: 1324 daAuts
     D:2: 1179 daAuts
     D:3: 979 daAuts
     D:1: 761 daAuts
     D:5: 306 daAuts
